cohdb
Replays
Latest Replays
All Replays
Popular Replays
Top Player Replays
Match Explorer
How It Works
Community
CoH3 Stats
Reddit
Sign in to upload your games and track your stats! →
Sign in with Steam
Match 42190418
Unlisted
Match 42190418
Overview
Messages
Build Orders
End
Royal Engineer Section
Construct Section Command Post
Selects Canadian Shock Battlegroup
Infantry Section
Infantry Section
Infantry Section
Selects Attacking Spirit
Selects Canadian Shock Section
Construct Platoon Command Post
Unlock M3 Stuart Light Tanks
6-pounder Anti-tank Gun Team
M3 Stuart Light Tank
Selects Burnout
Infantry Training
Unlock Bishop Self-propelled Artillery
Grenade Package
Selects Pyrotechnics
Bishop Self-propelled Artillery
Light Vehicle Training
Bishop Self-propelled Artillery
Timothy McWhiskers
Billz
Nukepapa
Fajolada
0
0
Comments
sign in to comment!
No comments posted yet!